 Dungeon Crawl Stone Soup version 0.31.0-12-g77e489cdc1 (webtiles) character file.

Game seed: 4785608225296882047

1622 Gadfly the Covered (level 8, -5/63 (67) HPs)
             Began as an Armataur Fighter on Feb 29, 2024.
             Was an Initiate of Nemelex Xobeh.
             Slain by a wight
             ... wielding a +1 great sword
              (12 damage)
             ... on level 6 of the Dungeon.
             The game lasted 00:09:55 (6370 turns).

Gadfly the Covered (Armataur Fighter)               Turns: 6370, Time: 00:09:55

HP:   -5/63 (67)    AC:  9    Str: 21    XL:     8   Next: 65%
MP:   8/8           EV:  6    Int: 10    God:    Nemelex Xobeh [......]
Gold: 242           SH:  5    Dex: 11    Spells: 7/7 levels left

rFire   . . .        b - +2 whip (freeze)
rCold   . . .        c - +0 buckler
rNeg    . . .        j - +0 chain mail
rPois   .            (no helmet)
rElec   .            (no cloak)
rCorr   .            (no gloves)
SInv    .            (no barding)
Will    +....        (no amulet) Stlth
                     i - ring of willpower
HPRegen 0.30/turn    (no ring)
MPRegen 0.11/turn

%: roll
@: drained
A: large, deformed body, tough skin 3, armoured tail, roll 2
a: Renounce Religion, Draw Escape, Draw Destruction, Draw Summoning


You were on level 6 of the Dungeon.
You worshipped Nemelex Xobeh.
Nemelex Xobeh was noncommittal.
You visited 2 branches of the dungeon, and saw 7 of its levels.

You collected 317 gold pieces.
You spent 75 gold pieces at shops.

Inventory:

Hand Weapons
 a - a +0 flail of flaming
 b - a +2 whip of freezing (weapon)
 e - a +1 dagger of electrocution
Armour
 c - a +0 buckler (worn)
 j - a +0 chain mail (worn)
Jewellery
 i - a ring of willpower (left hand)
Scrolls
 g - a scroll of teleportation
 h - a scroll of blinking
Potions
 d - a potion of might
 f - a potion of enlightenment
 k - a potion of berserk rage {unknown}


   Skills:
 + Level 4.6 Fighting
 * Level 5.5 Maces & Flails
 + Level 6.2 Armour
 + Level 5.4 Shields
 - Level 0.4 Invocations
 * Level 5.7 Evocations


You had 7 spell levels left.
You didn't know any spells.
Your spell library contained the following spells:

 Spells                   Type           Power      Damage    Failure   Level
 Call Canine Familiar     Summ           0%         N/A       100%        3
 Dazzling Flash           Conj/Hex       0%         N/A       100%        3
 Mephitic Cloud           Conj/Alch/Air  0%         N/A       100%        3
 Sigil of Binding         Hex            0%         N/A       100%        3
 Dimensional Bullseye     Hex/Tloc       0%         N/A       100%        4
 Curse of Agony           Necr           0%         N/A       100%        5
 Silence                  Hex/Air        0%         N/A       100%        5


Dungeon Overview and Level Annotations

Branches:
Dungeon (6/15)             Temple (1/1) D:5

Altars:
Ashenzari
Cheibriados
Elyvilon
Gozag
Nemelex Xobeh
Okawaru
Qazlal
Ru
Sif Muna
Trog
Vehumet
Wu Jian
Xom
Yredelemnul
Zin

Shops:
D:5 *


Innate Abilities, Weirdness & Mutations

Armour fits poorly on your strangely shaped body.
You have extremely tough skin. (AC +3)
You have a long armoured tail.
You regenerate magic and health when rolling toward enemies. (Rampage Regen)


Message History

You closely miss the wight.
The wight is almost destroyed.
The wight hits you but does no damage. x2
The wight hits you with a +1 great sword!
The wight barely misses you.
You are too injured to fight recklessly!
You are too injured to fight recklessly!
You are too injured to fight recklessly!
You are too injured to fight recklessly!
You are too injured to fight recklessly!
You are too injured to fight recklessly!
You are too injured to fight recklessly!
You are too injured to fight recklessly!
You are too injured to fight recklessly!
You are too injured to fight recklessly!
You are too injured to fight recklessly!
You are too injured to fight recklessly!
You are too injured to fight recklessly!
You are too injured to fight recklessly!
You are too injured to fight recklessly!
You are too injured to fight recklessly!
You are too injured to fight recklessly!
You are too injured to fight recklessly!
Unknown command.
The wight attacks as it pursues you! The wight hits you with a +0 hand axe.
The wight attacks as it pursues you! The wight hits you with a +0 battleaxe!
* * * LOW HITPOINT WARNING * * *
You feel drained.
* * * LOW HITPOINT WARNING * * *
The wight attacks as it pursues you! The wight closely misses you.
The wight attacks as it pursues you! The wight barely misses you.
The wight attacks as it pursues you! The wight hits you but does no damage.
The wight attacks as it pursues you!
The wight hits you from afar with a +4 spear!
* * * LOW HITPOINT WARNING * * *
The wight attacks as it pursues you! The wight hits you but does no damage.
The wight attacks as it pursues you!
The wight hits you with a +1 great sword!
You die...
Your body disappears without a glow.

........ ##......#≈#
....... ##.........+
......# ##.. .......§#
......##.... #)....≈#
...........# #....$≈#
.........# #zz...≈##
.......## ##.z..≈≈#####
........# #z..(.......
....#...# #@..........
...##...## #...........
...##....#
##...........
..####...##
##............
...###....#
#...#########.
..........####..####
#..........##......###
######.....#...........
####....).........


You could see 4 wights.

Vanquished Creatures
  Pikel (D:5)
  Sigmund (D:3)
  An ogre (D:6)
  A gnoll sergeant (D:4)
  3 scorpions (D:5)
  2 hounds
  An orc priest (D:4)
  A sleepcap (D:6)
  A gnoll bouda (D:4)
  4 iguanas
  4 orc wizards
  13 adders
  15 gnolls
  An ufetubus (D:6)
  4 dart slugs
  5 ribbon worms
  6 orcs
  7 bats
  7 endoplasms
  A giant cockroach (D:1)
  9 goblins
  10 hobgoblins
  5 kobolds
  3 quokkas
  11 ball pythons
  4 frilled lizards
  5 rats
126 creatures vanquished.

Notes
Turn   | Place    | Note
-------+----------+-------------------------------------------
     0 | D:1      | Gadfly the Armataur Fighter began the quest for the Orb.
     0 | D:1      | Reached XP level 1. HP: 18/18 MP: 1/1
    60 | D:1      | Reached XP level 2. HP: 20/25 MP: 2/2
   114 | D:1      | Reached skill level 1 in Evocations
   498 | D:1      | Reached XP level 3. HP: 31/31 MP: 3/3
  1015 | D:2      | Reached skill level 4 in Armour
  1250 | D:2      | Reached XP level 4. HP: 31/38 MP: 4/4
  1927 | D:3      | Found a sacrificial altar of Ru.
  1935 | D:3      | Reached XP level 5. HP: 45/45 MP: 5/5
  2029 | D:3      | Found a shimmering altar of Xom.
  2035 | D:3      | Noticed Sigmund
  2066 | D:3      | Killed Sigmund
  2067 | D:3      | Reached XP level 6. HP: 15/51 MP: 6/6
  3782 | D:4      | Gained mutation: You regenerate magic and health when
                  | rolling toward enemies. (Rampage Regen) [Armataur growth]
  3782 | D:4      | Reached XP level 7. HP: 33/58 MP: 7/7
  4159 | D:4      | Found the +5 woodcutter's axe
  4172 | D:4      | Reached skill level 5 in Armour
  4481 | D:5      | Entered Level 5 of the Dungeon
  4552 | D:5      | Found a staircase to the Ecumenical Temple.
  4562 | Temple   | Entered the Ecumenical Temple
  4571 | Temple   | Became a worshipper of Elyvilon the Healer
  4693 | Temple   | Fell from the grace of Elyvilon
  4693 | Temple   | Became a worshipper of Nemelex Xobeh the Trickster
  4731 | D:5      | Found Boenioc's General Store.
  4734 | D:5      | Bought a potion of enlightenment for 75 gold pieces
  4844 | D:5      | Identified the +4 quarterstaff "Owafas" {venom, Str+2}
  5621 | D:5      | Reached XP level 8. HP: 31/66 MP: 8/8
  5788 | D:6      | Noticed Pikel
  5795 | D:6      | Reached * piety under Nemelex Xobeh
  5836 | D:5      | HP: 3/66 [lemure[Pikel] (5)]
  5842 | D:5      | Killed Pikel
  5843 | D:5      | Reached skill level 5 in Maces & Flails
  5843 | D:5      | Reached skill level 6 in Armour
  5843 | D:5      | Reached skill level 5 in Shields
  5843 | D:5      | Reached skill level 5 in Evocations
  6370 | D:6      | Slain by a wight

Illustrated notes

Levels and vault maps discovered:
D:1:      kennysheep_arrival_seaside, layout_basic
D:2:      layout_basic
D:3:      layout_basic, xom_butterflies, nicolae_ru_great_annihilating_truth,
          uniq_sigmund
D:4:      layout_cave_pods, pf_guarded_unrand_woodcutter
D:5:      layout_gridville, minmay_temple_entry_statues_pillars, serial_shops,
          nicolae_shop_window_shopping
D:6:      layout_layer_cave, lightli_temple_of_fire, minmay_joined_circles,
          uniq_pikel
Temple:   dshaligram_water_room_temple

Skill      XL: |  1  2  3  4  5  6  7  8 |
---------------+-------------------------+-----
Maces & Flails | 2 3 4 5 |  5.5
Evocations     | 1 2 3 4 5 |  5.7
Fighting       | 3 4 |  4.6
Armour         | 4 5 6 |  6.2
Shields        | 4 5 |  5.4
Invocations    | |  0.4

Action                     |  1- 3 |  4- 6 |  7- 9 || total
---------------------------+-------+-------+-------++-------
  Melee: Flail             |   116 |    87 |   121 ||   324
         Tailslap          |     2 |    24 |    23 ||    49
         Dagger            |       |   100 |    29 ||   129
         Whip              |       |       |    40 ||    40
    Use: Scroll            |     5 |     5 |     2 ||    12
         Potion            |       |     1 |     1 ||     2
   Stab: Paralysed         |       |     1 |       ||     1
 Armour: Scale mail        |    69 |    64 |       ||   133
         Chain mail        |       |   134 |   196 ||   330
  Dodge: Dodged            |    38 |    68 |    50 ||   156
  Block: Buckler           |    32 |    31 |    45 ||   108
